Workbook
Name Данные: [1]Тестовый!$F$10:$H$14

Sheet ЛСР
M1: Приложение №3
M2: к Договору подряда №
B4: ПОДРЯДЧИК: | D4: ЗАКАЗЧИК: | K4: ТЕХНИЧЕСКИЙ ЗАКАЗЧИК:
B8: _________________/
A10: Локальный сметный расчет №6
A11: Устройство системы Автоматики калитки и распашных ворот. ГП-76
A13: № | B13: Наименование | C13: Марка | D13: Характеристика | E13: Ед. изм. | F13: 76.1 | G13: 76.2 | H13: 76.4 | I13: Кол-во | J13: Цена | K13: Сумма | L13: Примечание | M13: Форма закупа
A14: 1 | B14: 2 | C14: 3 | D14: 4 | E14: 5 | F14: 6 | G14: 7 | H14: 7 | I14: 10 | J14: 11 | K14: 12 | L14: 13 | M14: 14
A15: 11 | B15: Внутренние инженерные сети
A16: 11.17. | B16: Автоматика калитки и распашных ворот
A17: 11.17.01 | B17: Прокладка КПП, трубы
A18: 11.17.01.00. | B18: Прокладка КПП, трубы | K18: =K19+K22 -> 0
B19: Работа: | K19: =SUM(K20:K21) -> 0
B20: Прокладка КПП | E20: м | F20: =SUM(F23:F27) -> 393 | G20: =SUM(G23:G27) -> 160 | H20: =SUM(H23:H27) -> 393 | I20: =F20+H20+G20 -> 946 | J20: =работа!J20 -> 0 | K20: =J20*I20 -> 0
B21: Прокладка трубы | E21: м | F21: =SUM(F28:F30) -> 281.2 | G21: =SUM(G28:G30) -> 101.2 | H21: =SUM(H28:H30) -> 281.2 | I21: =F21+H21+G21 -> 663.6 | J21: =работа!J21 -> 0 | K21: =J21*I21 -> 0
B22: Материалы: | K22: =SUM(K23:K31) -> 0
B23: Кабель тип 1 | D23: Кабель витая пара U/UTP U/U-5e-BC04-048-PVC-GR-305-RQcat. 5E 4х2х0.48 мм, для внутренней прокладки, одножильный, PVC. | E23: м. | F23: 80 | G23: 40 | H23: 80 | I23: =SUM(F23:H23) -> 200 | J23: =материал!J19 -> 0 | K23: =J23*I23 -> 0 | M23: Закуп подрядчика
B24: Кабель тип 2 | D24: Кабель витая пара U/UTP U/U-5e-BC04-048-PE-BL-305-RQ cat. 5E 4х2х0.48 мм, PE (уличный). | E24: м. | F24: 100 | G24: 60 | H24: 100 | I24: =SUM(F24:H24) -> 260 | J24: =материал!J20 -> 0 | K24: =J24*I24 -> 0 | M24: Закуп подрядчика
B25: Кабель тип 3 | D25: Кабель силовой ВВГнг(А)-LS 3х1.5 сечение жилы 1.5 мм², количество жил: 3 шт., номинальное напряжение: 660В. | E25: м. | F25: 100 | G25: 0 | H25: 100 | I25: =SUM(F25:H25) -> 200 | J25: =материал!J21 -> 0 | K25: =J25*I25 -> 0 | M25: Закуп подрядчика
B26: Кабель тип 4 | D26: Кабель монтажный МКШнг(А)-LS 2х0.75 2х жильный, не распротраняющий горение при прокладке в пучке, с нормиованным дымовыделением, конструкция жилы многопроволочная, напряжение 500В. | E26: м. | F26: 110 | G26: 60 | H26: 110 | I26: =SUM(F26:H26) -> 280 | J26: =материал!J22 -> 0 | K26: =J26*I26 -> 0 | M26: Закуп подрядчика
B27: Кабель тип 5 | D27: Кабель гибкий КГ-ХЛ 4х0,75 хладостойкий (от -60 С до +50 С) 4х0,75мм. | E27: м. | F27: 3 | G27: 0 | H27: 3 | I27: =SUM(F27:H27) -> 6 | J27: =материал!J23 -> 0 | K27: =J27*I27 -> 0 | M27: Закуп подрядчика
B28: Труба тип 1 | D28: Труба ПНД гофрированная (артикул 71520) д.20мм, тяжёлая с протяжкой, прочность (сопротивление сжатию на 5 см при +20°C) 750 Н, цвет оранжевый | E28: м. | F28: 150 | G28: 60 | H28: 150 | I28: =SUM(F28:H28) -> 360 | J28: =материал!J24 -> 0 | K28: =J28*I28 -> 0 | M28: Закуп подрядчика
B29: Труба тип 2 | D29: Труба гофрированная ПВХ CTG20-20-K41-100I д.20мм с протяжкой | E29: м. | F29: 130 | G29: 40 | H29: 130 | I29: =SUM(F29:H29) -> 300 | J29: =материал!J25 -> 0 | K29: =J29*I29 -> 0 | M29: Закуп подрядчика
B30: Труба тип 3 | D30: Труба профильная 40х20х3 мм | E30: шт. | F30: 1.2 | G30: 1.2 | H30: 1.2 | I30: =SUM(F30:H30) -> 3.6 | J30: =материал!J26 -> 0 | K30: =J30*I30 -> 0 | M30: Закуп подрядчика
B31: Прочие материалы | K31: =SUM(K32:K36) -> 0 | M31: Закуп подрядчика
B32: Коннектор EC-UP8P8C-5E-003-TR-1000 RJ45/8P8C, категория 5e | E32: шт. | F32: 4 | G32: 2 | H32: 4 | I32: =SUM(F32:H32) -> 10 | J32: =материал!J28 -> 0 | K32: =J32*I32 -> 0
B33: Герметик TN667564 силиконовый белый, 280мл | E33: мл. | F33: 1 | G33: 0.5 | H33: 1 | I33: =SUM(F33:H33) -> 2.5 | J33: =материал!J29 -> 0 | K33: =J33*I33 -> 0
B34: Крепеж-клипса PR13.0120 для труб д.20мм., для монтажного пистолета, серая | E34: шт. | F34: 260 | G34: 80 | H34: 260 | I34: =SUM(F34:H34) -> 600 | J34: =материал!J30 -> 0 | K34: =J34*I34 -> 0
B35: Колодка клеммная PLC-JXB-ST-2.5-3 самозажимная, 3 вывода, серая, на DIN-рейку, 35мм. | E35: шт. | F35: 3 | G35: 0 | H35: 3 | I35: =SUM(F35:H35) -> 6 | J35: =материал!J31 -> 0 | K35: =J35*I35 -> 0
B36: Заглушка для профильных труб 40х20 мм | E36: шт. | F36: 3 | G36: 3 | H36: 3 | I36: =SUM(F36:H36) -> 9 | J36: =материал!J32 -> 0 | K36: =J36*I36 -> 0
A37: 11.17.02 | B37: Установка оборудования
A38: 11.17.02.00. | B38: Установка оборудования | K38: =K39+K52 -> 0
B39: Работа: | K39: =SUM(K40:K51) -> 0
B40: Монтаж привода с блоком управления | E40: шт | F40: =F67 -> 2 | G40: =G67 -> 0 | H40: =H67 -> 2 | I40: =SUM(F40:H40) -> 4 | J40: =работа!J25 -> 0 | K40: =J40*I40 -> 0
B41: Монтаж платы-радиоприемника с контроллером | E41: шт | F41: =F71 -> 1 | G41: =G71 -> 0 | H41: =H71 -> 1 | I41: =SUM(F41:H41) -> 2 | J41: =работа!J26 -> 0 | K41: =J41*I41 -> 0
B42: Монтаж антенны | E42: шт | F42: =F72 -> 1 | G42: =G72 -> 0 | H42: =H72 -> 1 | I42: =SUM(F42:H42) -> 2 | J42: =работа!J27 -> 0 | K42: =J42*I42 -> 0
B43: Монтаж комплекта фотоэлементов | E43: комплект | F43: =F74 -> 2 | G43: =G74 -> 0 | H43: =H74 -> 2 | I43: =SUM(F43:H43) -> 4 | J43: =работа!J28 -> 0 | K43: =J43*I43 -> 0
B44: Монтаж сигнальной лампы | E44: шт | F44: =F68 -> 1 | G44: =G68 -> 0 | H44: =H68 -> 1 | I44: =SUM(F44:H44) -> 2 | J44: =работа!J29 -> 0 | K44: =J44*I44 -> 0 | L44: в т.ч. Монтаж кронштейна
B45: Брелок передатчик | E45: шт | F45: =F73 -> 3 | G45: =G73 -> 0 | H45: =H73 -> 3 | I45: =SUM(F45:H45) -> 6 | J45: =работа!J30 -> 0 | K45: =J45*I45 -> 0
B46: Монтаж вызывной панели | E46: шт | F46: =F53 -> 1 | G46: =G53 -> 1 | H46: =H53 -> 1 | I46: =SUM(F46:H46) -> 3 | J46: =работа!J31 -> 0 | K46: =J46*I46 -> 0 | L46: в т.ч. Монтаж металлической конструкции
B47: Монтаж доводчика | E47: шт | F47: =F62 -> 1 | G47: =G62 -> 1 | H47: =H62 -> 1 | I47: =SUM(F47:H47) -> 3 | J47: =работа!J32 -> 0 | K47: =J47*I47 -> 0
B48: Монтаж кнопки выхода | E48: шт | F48: =F56 -> 1 | G48: =G56 -> 1 | H48: =H56 -> 1 | I48: =SUM(F48:H48) -> 3 | J48: =работа!J33 -> 0 | K48: =J48*I48 -> 0
B49: Монтаж электромагнитного замка | E49: шт | F49: =F55 -> 1 | G49: =G55 -> 1 | H49: =H55 -> 1 | I49: =SUM(F49:H49) -> 3 | J49: =работа!J34 -> 0 | K49: =J49*I49 -> 0
B50: Монтаж блока питания | E50: шт | F50: =F58 -> 2 | G50: =G58 -> 1 | H50: =H58 -> 2 | I50: =SUM(F50:H50) -> 5 | J50: =работа!J35 -> 0 | K50: =J50*I50 -> 0
B51: Монтаж щитов | E51: шт | F51: =F57+F75 -> 2 | G51: =G57+G75 -> 0 | H51: =H57+H75 -> 2 | I51: =SUM(F51:H51) -> 4 | J51: =работа!J36 -> 0 | K51: =J51*I51 -> 0
B52: Материалы: | K52: =SUM(K53:K76) -> 0
B53: Вызывная панель тип 1 | C53: Akuvox | D53: IP Вызывная панель Akuvox R28A IW | E53: шт. | F53: 1 | G53: 1 | H53: 1 | I53: =SUM(F53:H53) -> 3 | J53: =материал!J35 -> 0 | K53: =J53*I53 -> 0 | M53: Закуп подрядчика
B54: Монтажное основание | D54: Монтажное основание для ВП Akuvox R28A IW врезное исп. | E54: шт. | F54: 1 | G54: 1 | H54: 1 | I54: =SUM(F54:H54) -> 3 | J54: =материал!J36 -> 0 | K54: =J54*I54 -> 0 | M54: Закуп подрядчика
B55: Электромагнитный замок | D55: Электромагнитный замок М2-400 серый 400кг удержания, 12 В/0,4 А, 190х55х35мм, уголок в комплекте, цвет серый, отсек для контроллера Z-5R | E55: шт. | F55: 1 | G55: 1 | H55: 1 | I55: =SUM(F55:H55) -> 3 | J55: =материал!J37 -> 0 | K55: =J55*I55 -> 0 | M55: Закуп подрядчика
B56: Кнопка выхода | D56: Кнопка врезная "грибок" ST-EX243 контакты НЗ/НР, нержав. сталь, размер 90х35х50мм. | E56: шт. | F56: 1 | G56: 1 | H56: 1 | I56: =SUM(F56:H56) -> 3 | J56: =материал!J38 -> 0 | K56: =J56*I56 -> 0 | M56: Закуп подрядчика
B57: Щит тип 1 | D57: Щит с монтажной панелью ЩМП MB22-04 300х400х155мм. IP31 | E57: шт. | F57: 1 | G57: 0 | H57: 1 | I57: =SUM(F57:H57) -> 2 | J57: =материал!J39 -> 0 | K57: =J57*I57 -> 0 | M57: Закуп подрядчика
B58: Блок питания | D58: Блок питания AC-DC HDR-30-12 12В/2А (Регулировка выходного напряжения: 10.8 ~ 13.8V), на DIN-рейку, режим работы при -30...+70°С, | E58: шт. | F58: 2 | G58: 1 | H58: 2 | I58: =SUM(F58:H58) -> 5 | J58: =материал!J40 -> 0 | K58: =J58*I58 -> 0 | M58: Закуп подрядчика
B59: Коробка распределительная | D59: Коробка распределительная (артикул 60-0210) для прямого монтажа двухкомпонентная безгалогенная (HF) 80х80х40 УХЛ1 | E59: шт. | F59: 4 | G59: 1 | H59: 4 | I59: =SUM(F59:H59) -> 9 | J59: =материал!J41 -> 0 | K59: =J59*I59 -> 0 | M59: Закуп подрядчика
B60: Сетевой PoE коммутатор | D60: Коммутатор управляемый L2 PoE OS2406P/60W 4 PoE 60Вт (802.3af/at) +2 порта Uplink 10/100/1000Мбит/с. | E60: шт. | F60: 1 | G60: 0 | H60: 1 | I60: =SUM(F60:H60) -> 2 | J60: =материал!J42 -> 0 | K60: =J60*I60 -> 0 | M60: Закуп подрядчика
B61: Розетка с заземлением MRD10-16 на DIN-рейку | E61: шт. | F61: 1 | G61: 0 | H61: 1 | I61: =SUM(F61:H61) -> 2 | J61: =материал!J43 -> 0 | K61: =J61*I61 -> 0 | M61: Закуп подрядчика
B62: Доводчик дверной | D62: Доводчик для дверей весом до 120кг. DC505S ARCTIC двухскоростной, установочный размер 230х19 мм, минимальная температура -51°С | E62: шт. | F62: 1 | G62: 1 | H62: 1 | I62: =SUM(F62:H62) -> 3 | J62: =материал!J44 -> 0 | K62: =J62*I62 -> 0 | M62: Закуп подрядчика
B63: Терминал контроля доступа тип 1 | D63: IP Терминал СКУД A01S доступ по: NFC, RFID карта, мобильное приложение Smart Plus. | E63: шт. | F63: 1 | G63: 0 | H63: 1 | I63: =SUM(F63:H63) -> 2 | J63: =материал!J45 -> 0 | K63: =J63*I63 -> 0 | M63: Закуп подрядчика
B64: Конструкция металлическая | D64: Короб накладного монтажа для для установки на улицу A01S/A03S размер 38,5x114,5x88мм. | E64: шт. | F64: 1 | G64: 0 | H64: 1 | I64: =SUM(F64:H64) -> 2 | J64: =материал!J46 -> 0 | K64: =J64*I64 -> 0 | M64: Закуп подрядчика
B65: Контроллер индукционной петли 2-х двухпетлевой SMA2 для обнаружения транспортных средств | E65: шт. | F65: 1 | G65: 0 | H65: 1 | I65: =SUM(F65:H65) -> 2 | J65: =материал!J47 -> 0 | K65: =J65*I65 -> 0 | M65: Закуп подрядчика
B66: Телефонный провод | D66: Телефонный провод П-274М материал медь/сталь, оболочка-полиэтилен. | E66: м. | F66: 40 | G66: 0 | H66: 40 | I66: =SUM(F66:H66) -> 80 | J66: =материал!J48 -> 0 | K66: =J66*I66 -> 0 | M66: Закуп подрядчика
B67: Привод | D67: Привод 230В линейный A5000A самоблокирующийся, для распашных ворот. | E67: шт. | F67: 2 | G67: 0 | H67: 2 | I67: =SUM(F67:H67) -> 4 | J67: =материал!J49 -> 0 | K67: =J67*I67 -> 0 | M67: Закуп подрядчика
B68: Лампа сигнальная | D68: Лампа сигнальная KLED светодиодная 230В | E68: шт. | F68: 1 | G68: 0 | H68: 1 | I68: =SUM(F68:H68) -> 2 | J68: =материал!J50 -> 0 | K68: =J68*I68 -> 0 | M68: Закуп подрядчика
B69: Блок управления | D69: Блок управления ZF1N для 2-х приводов с питанием 230В. | E69: шт. | F69: 1 | G69: 0 | H69: 1 | I69: =SUM(F69:H69) -> 2 | J69: =материал!J51 -> 0 | K69: =J69*I69 -> 0 | M69: Закуп подрядчика
B70: Кронштейн для настенного крепления | C70: KIAROS | D70: Кронштейн KIAROS для настенного крепления сигнальной лампы. | E70: шт. | F70: 1 | G70: 0 | H70: 1 | I70: =SUM(F70:H70) -> 2 | J70: =материал!J52 -> 0 | K70: =J70*I70 -> 0 | M70: Закуп подрядчика
B71: Плата-радиоприемник | D71: Плата-радиоприемник встраиваемый AF43S для определения брелоков-передатчиков с динамическим кодом, 433,92 МГц, 5 В, 5,5 мА | E71: шт. | F71: 1 | G71: 0 | H71: 1 | I71: =SUM(F71:H71) -> 2 | J71: =материал!J53 -> 0 | K71: =J71*I71 -> 0 | M71: Закуп подрядчика
B72: Антенна | D72: Антенна TOP-A433N радиоприемник 433МГц | E72: шт. | F72: 1 | G72: 0 | H72: 1 | I72: =SUM(F72:H72) -> 2 | J72: =материал!J54 -> 0 | K72: =J72*I72 -> 0 | M72: Закуп подрядчика
B73: Брелок-передатчик | D73: Брелок-передатчик TOP44RGR 4-х канальный с динамическим кодом | E73: шт. | F73: 3 | G73: 0 | H73: 3 | I73: =SUM(F73:H73) -> 6 | J73: =материал!J55 -> 0 | K73: =J73*I73 -> 0 | M73: Закуп подрядчика
B74: Фотоэлементы передатчик, приемник накладные, дальность 10 м | D74: CAME DIR10 | E74: шт. | F74: 2 | G74: 0 | H74: 2 | I74: =SUM(F74:H74) -> 4 | J74: =материал!J56 -> 0 | K74: =J74*I74 -> 0 | M74: Закуп подрядчика
B75: Щит тип 2 | D75: Щит с монтажной панелью ЩМП MB65-504022-m 500x400x220мм. IP65 | E75: шт. | F75: 1 | G75: 0 | H75: 1 | I75: =SUM(F75:H75) -> 2 | J75: =материал!J57 -> 0 | K75: =J75*I75 -> 0 | M75: Закуп подрядчика
B76: Прочие материалы | J76: =материал!J58 -> 0 | K76: =SUM(K77:K83) -> 0 | M76: Закуп подрядчика
B77: Заклепка резьбовая CN10 шестигранная с плоским бортом М6 L15,0 | E77: шт. | F77: 2 | G77: 2 | H77: 2 | I77: =SUM(F77:H77) -> 6 | J77: =материал!J59 -> 0 | K77: =J77*I77 -> 0
B78: Болт М6х25 (артикул 3100548) оцинкованный с внутренним шестигранником, класс прочности 8.8, DIN 912 | E78: шт. | F78: 2 | G78: 2 | H78: 2 | I78: =SUM(F78:H78) -> 6 | J78: =материал!J60 -> 0 | K78: =J78*I78 -> 0
B79: Din-рейка (артикул 12-8020) 20см, перфорированная, оцинкованная | E79: шт. | F79: 1 | G79: 0 | H79: 1 | I79: =SUM(F79:H79) -> 2 | J79: =материал!J61 -> 0 | K79: =J79*I79 -> 0
B80: Клемма соединительная DIY YOU PCT-2133 контакта, сечение провода 0.75-2.5 мм² | E80: шт. | F80: 12 | G80: 3 | H80: 12 | I80: =SUM(F80:H80) -> 27 | J80: =материал!J62 -> 0 | K80: =J80*I80 -> 0
B81: Автоматический выключатель M634210B2P, (B) 10А, 4,5кА. | E81: шт. | F81: 1 | G81: 0 | H81: 1 | I81: =SUM(F81:H81) -> 2 | J81: =материал!J63 -> 0 | K81: =J81*I81 -> 0
B82: Ограничитель на DIN-рейку YXD10 для фиксации модульных автоматических выключателей и других изделий на DIN-рейке | E82: шт. | F82: 2 | G82: 0 | H82: 2 | I82: =SUM(F82:H82) -> 4 | J82: =материал!J64 -> 0 | K82: =J82*I82 -> 0
B83: Автоматический выключатель M634110B1P, (B) 10А, 4,5кА. | E83: шт. | F83: 1 | G83: 0 | H83: 1 | I83: =SUM(F83:H83) -> 2 | J83: =материал!J65 -> 0 | K83: =J83*I83 -> 0
A84: 11.17.03 | B84: ПНР
A85: 11.17.03.00 | B85: ПНР | K85: =K86+K88 -> 0
B86: Работа: | K86: =SUM(K87:K87) -> 0
B87: Пусконаладочные работы | E87: комплекс | F87: 1 | G87: 1 | H87: 1 | I87: =SUM(F87:H87) -> 3 | J87: =работа!J40 -> 0 | K87: =J87*I87 -> 0
B88: Материалы: | K88: =SUM(K89:K89) -> 0
B89: - | K89: =J89*I89 -> 0
B90: Итого по ЛСР с НДС: | K90: =K85+K38+K18 -> 0
B91: в тч стоимость работ: | K91: =K39+K86+K19 -> 0
B92: в тч стоимость материалов: | K92: =K88+K52+K22 -> 0
B93: НДС:
B95: Примечание:
A96: - | B96: В случае, если один из перечисленных прочих материалов не был использован по факту при производстве работ, заказчик вправе откорректировать процент расходных материалов в актах выполненных работ (формы КС-2, КС-3), уменьшив на сумму исключенного материала.
A97: - | B97: Стоимость СМР учитывает - затраты на все второстепенные материалы и работы необходимые для осуществления полного комплекса работ, включая затраты: обеспечение технической водой для производства работ и бытовых целей; на мобилизацию, аренду и эксплуатацию всех необходимых механизмов, оборудования и инструментов, бытовых помещений и биотуалетов; на подъем материалов и разноску по этажам к местам производства работ; выполнение сопутствующих работ; вывоз мусора; накладные расходы, прибыль организации, налоги и иные издержки Подрядчика. Обеспечение безопасного производства работ на участке.
A98: - | B98: Стоимость материалов учитывает стоимость доставки.
A99: - | B99: В случае изменения системы налогообложения, риски увеличения стоимости договора относятся на сторону, чья система налогообложения изменяется.

Sheet работа
M1: Приложение №3
M2: к Договору подряда №
B4: ПОДРЯДЧИК: | D4: ЗАКАЗЧИК: | K4: ТЕХНИЧЕСКИЙ ЗАКАЗЧИК:
B8: _________________/
A10: Ведомость работ
A11: Устройство системы Автоматики калитки и распашных ворот. ГП-76
A13: № | B13: Наименование | C13: Марка | D13: Характеристика | E13: Ед. изм. | F13: 76.1 | G13: 76.2 | H13: 76.4 | I13: Кол-во | J13: Цена | K13: Сумма | L13: Примечание | M13: Форма закупа
A14: 1 | B14: 2 | C14: 3 | D14: 4 | E14: 5 | F14: 6 | G14: 7 | H14: 7 | I14: 10 | J14: 11 | K14: 12 | L14: 13 | M14: 14
A15: 11 | B15: Внутренние инженерные сети
A16: 11.17. | B16: Автоматика калитки и распашных ворот
A17: 11.17.01 | B17: Прокладка КПП, трубы
A18: 11.17.01.00. | B18: Прокладка КПП, трубы
B19: Работа:
B20: Прокладка КПП | E20: м | F20: 393 | G20: 160 | H20: 393 | I20: 946 | K20: =J20*I20 -> 0
B21: Прокладка трубы | E21: м | F21: 281.2 | G21: 101.2 | H21: 281.2 | I21: 663.6 | K21: =J21*I21 -> 0
A22: 11.17.02 | B22: Установка оборудования
A23: 11.17.02.00. | B23: Установка оборудования
B24: Работа:
B25: Монтаж привода с блоком управления | E25: шт | F25: 2 | G25: 0 | H25: 2 | I25: 4 | K25: =J25*I25 -> 0
B26: Монтаж платы-радиоприемника с контроллером | E26: шт | F26: 1 | G26: 0 | H26: 1 | I26: 2 | K26: =J26*I26 -> 0
B27: Монтаж антенны | E27: шт | F27: 1 | G27: 0 | H27: 1 | I27: 2 | K27: =J27*I27 -> 0
B28: Монтаж комплекта фотоэлементов | E28: комплект | F28: 2 | G28: 0 | H28: 2 | I28: 4 | K28: =J28*I28 -> 0
B29: Монтаж сигнальной лампы | E29: шт | F29: 1 | G29: 0 | H29: 1 | I29: 2 | K29: =J29*I29 -> 0 | L29: в т.ч. Монтаж кронштейна
B30: Брелок передатчик | E30: шт | F30: 3 | G30: 0 | H30: 3 | I30: 6 | K30: =J30*I30 -> 0
B31: Монтаж вызывной панели | E31: шт | F31: 1 | G31: 1 | H31: 1 | I31: 3 | K31: =J31*I31 -> 0 | L31: в т.ч. Монтаж металлической конструкции
B32: Монтаж доводчика | E32: шт | F32: 1 | G32: 1 | H32: 1 | I32: 3 | K32: =J32*I32 -> 0
B33: Монтаж кнопки выхода | E33: шт | F33: 1 | G33: 1 | H33: 1 | I33: 3 | K33: =J33*I33 -> 0
B34: Монтаж электромагнитного замка | E34: шт | F34: 1 | G34: 1 | H34: 1 | I34: 3 | K34: =J34*I34 -> 0
B35: Монтаж блока питания | E35: шт | F35: 2 | G35: 1 | H35: 2 | I35: 5 | K35: =J35*I35 -> 0
B36: Монтаж щитов | E36: шт | F36: 2 | G36: 0 | H36: 2 | I36: 4 | K36: =J36*I36 -> 0
A37: 11.17.03 | B37: ПНР
A38: 11.17.03.00 | B38: ПНР
B39: Работа:
B40: Пусконаладочные работы | E40: комплекс | F40: 1 | G40: 1 | H40: 1 | I40: 3 | K40: =J40*I40 -> 0
B41: Итого по ЛСР с НДС: | K41: =SUM(K20:K40) -> 0
B43: Примечание:
A44: - | B44: В случае, если один из перечисленных прочих материалов не был использован по факту при производстве работ, заказчик вправе откорректировать процент расходных материалов в актах выполненных работ (формы КС-2, КС-3), уменьшив на сумму исключенного материала.
A45: - | B45: Стоимость СМР учитывает - затраты на все второстепенные материалы и работы необходимые для осуществления полного комплекса работ, включая затраты: обеспечение технической водой для производства работ и бытовых целей; на мобилизацию, аренду и эксплуатацию всех необходимых механизмов, оборудования и инструментов, бытовых помещений и биотуалетов; на подъем материалов и разноску по этажам к местам производства работ; выполнение сопутствующих работ; вывоз мусора; накладные расходы, прибыль организации, налоги и иные издержки Подрядчика. Обеспечение безопасного производства работ на участке.
A46: - | B46: Стоимость материалов учитывает стоимость доставки.
A47: - | B47: В случае изменения системы налогообложения, риски увеличения стоимости договора относятся на сторону, чья система налогообложения изменяется.

Sheet материал
M1: Приложение №3
M2: к Договору подряда №
B4: ПОДРЯДЧИК: | D4: ЗАКАЗЧИК: | K4: ТЕХНИЧЕСКИЙ ЗАКАЗЧИК:
B8: _________________/
A10: Ведомость материалов
A11: Устройство системы Автоматики калитки и распашных ворот. ГП-76
A13: № | B13: Наименование | C13: Марка | D13: Характеристика | E13: Ед. изм. | F13: 76.1 | G13: 76.2 | H13: 76.4 | I13: Кол-во | J13: Цена | K13: Сумма | L13: Примечание | M13: Форма закупа
A14: 1 | B14: 2 | C14: 3 | D14: 4 | E14: 5 | F14: 6 | G14: 7 | H14: 7 | I14: 10 | J14: 11 | K14: 12 | L14: 13 | M14: 14
A15: 11 | B15: Внутренние инженерные сети
A16: 11.17. | B16: Автоматика калитки и распашных ворот
A17: 11.17.01 | B17: Прокладка КПП, трубы
A18: 11.17.01.00. | B18: Прокладка КПП, трубы
B19: Кабель тип 1 | D19: Кабель витая пара U/UTP U/U-5e-BC04-048-PVC-GR-305-RQcat. 5E 4х2х0.48 мм, для внутренней прокладки, одножильный, PVC. | E19: м. | F19: 80 | G19: 40 | H19: 80 | I19: =SUM(F19:H19) -> 200 | K19: =J19*I19 -> 0 | M19: Закуп подрядчика
B20: Кабель тип 2 | D20: Кабель витая пара U/UTP U/U-5e-BC04-048-PE-BL-305-RQ cat. 5E 4х2х0.48 мм, PE (уличный). | E20: м. | F20: 100 | G20: 60 | H20: 100 | I20: =SUM(F20:H20) -> 260 | K20: =J20*I20 -> 0 | M20: Закуп подрядчика
B21: Кабель тип 3 | D21: Кабель силовой ВВГнг(А)-LS 3х1.5 сечение жилы 1.5 мм², количество жил: 3 шт., номинальное напряжение: 660В. | E21: м. | F21: 100 | G21: 0 | H21: 100 | I21: =SUM(F21:H21) -> 200 | K21: =J21*I21 -> 0 | M21: Закуп подрядчика
B22: Кабель тип 4 | D22: Кабель монтажный МКШнг(А)-LS 2х0.75 2х жильный, не распротраняющий горение при прокладке в пучке, с нормиованным дымовыделением, конструкция жилы многопроволочная, напряжение 500В. | E22: м. | F22: 110 | G22: 60 | H22: 110 | I22: =SUM(F22:H22) -> 280 | K22: =J22*I22 -> 0 | M22: Закуп подрядчика
B23: Кабель тип 5 | D23: Кабель гибкий КГ-ХЛ 4х0,75 хладостойкий (от -60 С до +50 С) 4х0,75мм. | E23: м. | F23: 3 | G23: 0 | H23: 3 | I23: =SUM(F23:H23) -> 6 | K23: =J23*I23 -> 0 | M23: Закуп подрядчика
B24: Труба тип 1 | D24: Труба ПНД гофрированная (артикул 71520) д.20мм, тяжёлая с протяжкой, прочность (сопротивление сжатию на 5 см при +20°C) 750 Н, цвет оранжевый | E24: м. | F24: 150 | G24: 60 | H24: 150 | I24: =SUM(F24:H24) -> 360 | K24: =J24*I24 -> 0 | M24: Закуп подрядчика
B25: Труба тип 2 | D25: Труба гофрированная ПВХ CTG20-20-K41-100I д.20мм с протяжкой | E25: м. | F25: 130 | G25: 40 | H25: 130 | I25: =SUM(F25:H25) -> 300 | K25: =J25*I25 -> 0 | M25: Закуп подрядчика
B26: Труба тип 3 | D26: Труба профильная 40х20х3 мм | E26: шт. | F26: 1.2 | G26: 1.2 | H26: 1.2 | I26: =SUM(F26:H26) -> 3.6 | K26: =J26*I26 -> 0 | M26: Закуп подрядчика
B27: Прочие материалы | M27: Закуп подрядчика
B28: Коннектор EC-UP8P8C-5E-003-TR-1000 RJ45/8P8C, категория 5e | E28: шт. | F28: 4 | G28: 2 | H28: 4 | I28: =SUM(F28:H28) -> 10 | K28: =J28*I28 -> 0
B29: Герметик TN667564 силиконовый белый, 280мл | E29: мл. | F29: 1 | G29: 0.5 | H29: 1 | I29: =SUM(F29:H29) -> 2.5 | K29: =J29*I29 -> 0
B30: Крепеж-клипса PR13.0120 для труб д.20мм., для монтажного пистолета, серая | E30: шт. | F30: 260 | G30: 80 | H30: 260 | I30: =SUM(F30:H30) -> 600 | K30: =J30*I30 -> 0
B31: Колодка клеммная PLC-JXB-ST-2.5-3 самозажимная, 3 вывода, серая, на DIN-рейку, 35мм. | E31: шт. | F31: 3 | G31: 0 | H31: 3 | I31: =SUM(F31:H31) -> 6 | K31: =J31*I31 -> 0
B32: Заглушка для профильных труб 40х20 мм | E32: шт. | F32: 3 | G32: 3 | H32: 3 | I32: =SUM(F32:H32) -> 9 | K32: =J32*I32 -> 0
A33: 11.17.02 | B33: Установка оборудования
A34: 11.17.02.00. | B34: Установка оборудования
B35: Вызывная панель тип 1 | C35: Akuvox | D35: IP Вызывная панель Akuvox R28A IW | E35: шт. | F35: 1 | G35: 1 | H35: 1 | I35: =SUM(F35:H35) -> 3 | K35: =J35*I35 -> 0 | M35: Закуп подрядчика
B36: Монтажное основание | D36: Монтажное основание для ВП Akuvox R28A IW врезное исп. | E36: шт. | F36: 1 | G36: 1 | H36: 1 | I36: =SUM(F36:H36) -> 3 | K36: =J36*I36 -> 0 | M36: Закуп подрядчика
B37: Электромагнитный замок | D37: Электромагнитный замок М2-400 серый 400кг удержания, 12 В/0,4 А, 190х55х35мм, уголок в комплекте, цвет серый, отсек для контроллера Z-5R | E37: шт. | F37: 1 | G37: 1 | H37: 1 | I37: =SUM(F37:H37) -> 3 | K37: =J37*I37 -> 0 | M37: Закуп подрядчика
B38: Кнопка выхода | D38: Кнопка врезная "грибок" ST-EX243 контакты НЗ/НР, нержав. сталь, размер 90х35х50мм. | E38: шт. | F38: 1 | G38: 1 | H38: 1 | I38: =SUM(F38:H38) -> 3 | K38: =J38*I38 -> 0 | M38: Закуп подрядчика
B39: Щит тип 1 | D39: Щит с монтажной панелью ЩМП MB22-04 300х400х155мм. IP31 | E39: шт. | F39: 1 | G39: 0 | H39: 1 | I39: =SUM(F39:H39) -> 2 | K39: =J39*I39 -> 0 | M39: Закуп подрядчика
B40: Блок питания | D40: Блок питания AC-DC HDR-30-12 12В/2А (Регулировка выходного напряжения: 10.8 ~ 13.8V), на DIN-рейку, режим работы при -30...+70°С, | E40: шт. | F40: 2 | G40: 1 | H40: 2 | I40: =SUM(F40:H40) -> 5 | K40: =J40*I40 -> 0 | M40: Закуп подрядчика
B41: Коробка распределительная | D41: Коробка распределительная (артикул 60-0210) для прямого монтажа двухкомпонентная безгалогенная (HF) 80х80х40 УХЛ1 | E41: шт. | F41: 4 | G41: 1 | H41: 4 | I41: =SUM(F41:H41) -> 9 | K41: =J41*I41 -> 0 | M41: Закуп подрядчика
B42: Сетевой PoE коммутатор | D42: Коммутатор управляемый L2 PoE OS2406P/60W 4 PoE 60Вт (802.3af/at) +2 порта Uplink 10/100/1000Мбит/с. | E42: шт. | F42: 1 | G42: 0 | H42: 1 | I42: =SUM(F42:H42) -> 2 | K42: =J42*I42 -> 0 | M42: Закуп подрядчика
B43: Розетка с заземлением MRD10-16 на DIN-рейку | E43: шт. | F43: 1 | G43: 0 | H43: 1 | I43: =SUM(F43:H43) -> 2 | K43: =J43*I43 -> 0 | M43: Закуп подрядчика
B44: Доводчик дверной | D44: Доводчик для дверей весом до 120кг. DC505S ARCTIC двухскоростной, установочный размер 230х19 мм, минимальная температура -51°С | E44: шт. | F44: 1 | G44: 1 | H44: 1 | I44: =SUM(F44:H44) -> 3 | K44: =J44*I44 -> 0 | M44: Закуп подрядчика
B45: Терминал контроля доступа тип 1 | D45: IP Терминал СКУД A01S доступ по: NFC, RFID карта, мобильное приложение Smart Plus. | E45: шт. | F45: 1 | G45: 0 | H45: 1 | I45: =SUM(F45:H45) -> 2 | K45: =J45*I45 -> 0 | M45: Закуп подрядчика
B46: Конструкция металлическая | D46: Короб накладного монтажа для для установки на улицу A01S/A03S размер 38,5x114,5x88мм. | E46: шт. | F46: 1 | G46: 0 | H46: 1 | I46: =SUM(F46:H46) -> 2 | K46: =J46*I46 -> 0 | M46: Закуп подрядчика
B47: Контроллер индукционной петли 2-х двухпетлевой SMA2 для обнаружения транспортных средств | E47: шт. | F47: 1 | G47: 0 | H47: 1 | I47: =SUM(F47:H47) -> 2 | K47: =J47*I47 -> 0 | M47: Закуп подрядчика
B48: Телефонный провод | D48: Телефонный провод П-274М материал медь/сталь, оболочка-полиэтилен. | E48: м. | F48: 40 | G48: 0 | H48: 40 | I48: =SUM(F48:H48) -> 80 | K48: =J48*I48 -> 0 | M48: Закуп подрядчика
B49: Привод | D49: Привод 230В линейный A5000A самоблокирующийся, для распашных ворот. | E49: шт. | F49: 2 | G49: 0 | H49: 2 | I49: =SUM(F49:H49) -> 4 | K49: =J49*I49 -> 0 | M49: Закуп подрядчика
B50: Лампа сигнальная | D50: Лампа сигнальная KLED светодиодная 230В | E50: шт. | F50: 1 | G50: 0 | H50: 1 | I50: =SUM(F50:H50) -> 2 | K50: =J50*I50 -> 0 | M50: Закуп подрядчика
B51: Блок управления | D51: Блок управления ZF1N для 2-х приводов с питанием 230В. | E51: шт. | F51: 1 | G51: 0 | H51: 1 | I51: =SUM(F51:H51) -> 2 | K51: =J51*I51 -> 0 | M51: Закуп подрядчика
B52: Кронштейн для настенного крепления | C52: KIAROS | D52: Кронштейн KIAROS для настенного крепления сигнальной лампы. | E52: шт. | F52: 1 | G52: 0 | H52: 1 | I52: =SUM(F52:H52) -> 2 | K52: =J52*I52 -> 0 | M52: Закуп подрядчика
B53: Плата-радиоприемник | D53: Плата-радиоприемник встраиваемый AF43S для определения брелоков-передатчиков с динамическим кодом, 433,92 МГц, 5 В, 5,5 мА | E53: шт. | F53: 1 | G53: 0 | H53: 1 | I53: =SUM(F53:H53) -> 2 | K53: =J53*I53 -> 0 | M53: Закуп подрядчика
B54: Антенна | D54: Антенна TOP-A433N радиоприемник 433МГц | E54: шт. | F54: 1 | G54: 0 | H54: 1 | I54: =SUM(F54:H54) -> 2 | K54: =J54*I54 -> 0 | M54: Закуп подрядчика
B55: Брелок-передатчик | D55: Брелок-передатчик TOP44RGR 4-х канальный с динамическим кодом | E55: шт. | F55: 3 | G55: 0 | H55: 3 | I55: =SUM(F55:H55) -> 6 | K55: =J55*I55 -> 0 | M55: Закуп подрядчика
B56: Фотоэлементы передатчик, приемник накладные, дальность 10 м | D56: CAME DIR10 | E56: шт. | F56: 2 | G56: 0 | H56: 2 | I56: =SUM(F56:H56) -> 4 | K56: =J56*I56 -> 0 | M56: Закуп подрядчика
B57: Щит тип 2 | D57: Щит с монтажной панелью ЩМП MB65-504022-m 500x400x220мм. IP65 | E57: шт. | F57: 1 | G57: 0 | H57: 1 | I57: =SUM(F57:H57) -> 2 | K57: =J57*I57 -> 0 | M57: Закуп подрядчика
B58: Прочие материалы | M58: Закуп подрядчика
B59: Заклепка резьбовая CN10 шестигранная с плоским бортом М6 L15,0 | E59: шт. | F59: 2 | G59: 2 | H59: 2 | I59: =SUM(F59:H59) -> 6 | K59: =J59*I59 -> 0
B60: Болт М6х25 (артикул 3100548) оцинкованный с внутренним шестигранником, класс прочности 8.8, DIN 912 | E60: шт. | F60: 2 | G60: 2 | H60: 2 | I60: =SUM(F60:H60) -> 6 | K60: =J60*I60 -> 0
B61: Din-рейка (артикул 12-8020) 20см, перфорированная, оцинкованная | E61: шт. | F61: 1 | G61: 0 | H61: 1 | I61: =SUM(F61:H61) -> 2 | K61: =J61*I61 -> 0
B62: Клемма соединительная DIY YOU PCT-2133 контакта, сечение провода 0.75-2.5 мм² | E62: шт. | F62: 12 | G62: 3 | H62: 12 | I62: =SUM(F62:H62) -> 27 | K62: =J62*I62 -> 0
B63: Автоматический выключатель M634210B2P, (B) 10А, 4,5кА. | E63: шт. | F63: 1 | G63: 0 | H63: 1 | I63: =SUM(F63:H63) -> 2 | K63: =J63*I63 -> 0
B64: Ограничитель на DIN-рейку YXD10 для фиксации модульных автоматических выключателей и других изделий на DIN-рейке | E64: шт. | F64: 2 | G64: 0 | H64: 2 | I64: =SUM(F64:H64) -> 4 | K64: =J64*I64 -> 0
B65: Автоматический выключатель M634110B1P, (B) 10А, 4,5кА. | E65: шт. | F65: 1 | G65: 0 | H65: 1 | I65: =SUM(F65:H65) -> 2 | K65: =J65*I65 -> 0
B66: Итого по ЛСР с НДС: | K66: =SUM(K19:K65) -> 0
B67: Примечание:
A68: - | B68: В случае, если один из перечисленных прочих материалов не был использован по факту при производстве работ, заказчик вправе откорректировать процент расходных материалов в актах выполненных работ (формы КС-2, КС-3), уменьшив на сумму исключенного материала.
A69: - | B69: Стоимость СМР учитывает - затраты на все второстепенные материалы и работы необходимые для осуществления полного комплекса работ, включая затраты: обеспечение технической водой для производства работ и бытовых целей; на мобилизацию, аренду и эксплуатацию всех необходимых механизмов, оборудования и инструментов, бытовых помещений и биотуалетов; на подъем материалов и разноску по этажам к местам производства работ; выполнение сопутствующих работ; вывоз мусора; накладные расходы, прибыль организации, налоги и иные издержки Подрядчика. Обеспечение безопасного производства работ на участке.
A70: - | B70: Стоимость материалов учитывает стоимость доставки.
A71: - | B71: В случае изменения системы налогообложения, риски увеличения стоимости договора относятся на сторону, чья система налогообложения изменяется.
